[Event "Early-Titled-Tuesday-Blitz-February-27-2024"]
[Site "Chess.com"]
[Date "2024.02.27"]
[Round "4"]
[White "ljuks68"]
[Black "GatoRojo150"]
[Result "1-0"]
[WhiteElo "2423"]
[BlackElo "2565"]
[TimeControl "180+1"]
[EndTime "8:39:02 PST"]
[Termination "ljuks68 won by resignation"]

1. e4 e5 2. Nf3 Nc6 3. Bb5 a6 4. Ba4 d6 5. c3 f5 6. exf5 Bxf5 7. O-O Bd3 8. Re1 Be7 9. Bc2 Bxc2 10. Qxc2 Nf6 11. d4 e4 12. Ng5 d5 13. Ne6 Qd7 14. Nc5 Bxc5 15. dxc5 O-O 16. Be3 Ne5 17.
Nd2 Nd3 18. Rf1 Ng4 19. Bd4 Nf4 20. Nb3 Nh5 21. Rae1 c6 22. Qd1 Rae8 23. f3 exf3 24. Rxe8 f2+ 25. Rxf2 Rxe8 26. Rf1 g6 27. Qf3 Qe6 28.
Na5 Qe7 29. h3 Ne3 30. Re1 Qc7 31. Nxb7 Qxb7 32. Rxe3 Rf8 33. Qg4 Qf7 34. Rf3 Qe7 35. Rxf8+ Qxf8 36. Qe6+ Qf7 37. Qxc6 Nf4 38. Qc8+ Qf8 39.
Qg4 Qf7 40. Qc8+ Qf8 41. Qxf8+ Kxf8 42. c6 Ne6 43. Be5 Ke7 44. Kf2 Kd8 45. c7+ Kd7 46. Ke3 Nc5 47. Kd4 Na4 48. b4 Nb6 49. Kc5 Na4+ 50.
Kxd5 Nb6+ 51. Kc5 Nc8 52. c4 h5 53. b5 axb5 54. cxb5 g5 55. b6 g4 56. b7 Ne7 57.
hxg4 Ke6 58. c8=Q+ Kxe5 59. b8=Q+ Ke4 60. Qe6+ Kd3 61. Qg3+ Kc2 62. Qeb3+ 1-0

[Event "Early-Titled-Tuesday-Blitz-February-27-2024"]
[Site "Chess.com"]
[Date "2024.02.27"]
[Round "4"]
[White "Natalya_Buksa"]
[Black "NewBornNow"]
[Result "1-0"]
[WhiteElo "2612"]
[BlackElo "2863"]
[TimeControl "180+1"]
[EndTime "8:39:04 PST"]
[Termination "Natalya_Buksa won on time"]

1. d4 Nf6 2. Nc3 d5 3. Bf4 g6 4. e3 Bg7 5. h4 h5 6. Nf3 O-O 7. Ne5 c5 8. Be2 Qb6 9. Rb1 Nc6 10. O-O cxd4 11. Nxc6 Qxc6 12. exd4 Bf5 13. Be5 a6 14. a4 Rac8 15. Re1 Ne4 16. Nxe4 Bxe4 17. Bd3 Bxe5 18.
dxe5 Qxa4 19. Bxe4 dxe4 20. b3 Qc6 21. c4 Rcd8 22.
Qe2 Rd4 23. Rbd1 Rfd8 24. Rxd4 Rxd4 25. Qe3 Rd3 26. Qf4 Rxb3 27. Rxe4 Rd3 28. e6 Rd1+ 29. Kh2 Qd6 30. exf7+ Kf8 31. Re5 Rd4 32. Qh6+ Kxf7 33.
f4 Qf6 34. g3 Rxc4 35. Qh7+ Kf8 36. Kh3 Rc6 37. Rg5 Ke8 38. Qg8+ Kd7 39. Rd5+ Rd6 40. Re5 Kc7 41. Qe8 Rd7 42. Rc5+ Kd6 43. Re5 Kc7 44. Rc5+ Kb6 45. Qxd7 Kxc5 46. Qxb7 Qe6+ 47. Kh2 Qe2+ 48. Kh3 Qe6+ 49. Kh2 Qd6 50. Qc8+ Kd4 51. Qh8+ Ke3 52. f5 Kf3 53. Qc3+ Kg4 54. fxg6 1-0

[Event "Early-Titled-Tuesday-Blitz-February-27-2024"]
[Site "Chess.com"]
[Date "2024.02.27"]
[Round "4"]
[White "PabloZarnicki"]
[Black "sergoy"]
[Result "0-1"]
[WhiteElo "2633"]
[BlackElo "3063"]
[TimeControl "180+1"]
[EndTime "8:39:05 PST"]
[Termination "sergoy won on time"]

1. e4 c5 2. Nf3 d6 3. Bb5+ Nd7 4. d4 cxd4 5. Qxd4 a6 6. Bxd7+ Bxd7 7. Nc3 e5 8. Qd3 Rc8 9. O-O Qc7 10. Bg5 h6 11. Bh4 g5 12. Bg3 Nf6 13. Rfd1 Be6 14. a4 Be7 15. Nd2 h5 16. h4 Ng4 17.
hxg5 h4 18. Bh2 Nxh2 19. Kxh2 Bxg5 20. Nf3 Be7 21. Rd2 Qc4 22. Qxc4 Rxc4 23. Rd3 f5 24. Nd2 Rd4 25. Rxd4 exd4 26. Ne2 Bf6 27. Kh1 h3 28. Nf4 hxg2+ 29. Kxg2 Bd7 30. Re1 Be5 31. Nd3 Bc6 32. f4 Bf6 33. Kg1 Kd7 34. b3 Bd8 35. Nf2 Bh4 36.
exf5 Rg8+ 37. Kf1 Bg2+ 38. Ke2 Re8+ 39. Kd1 Bxf2 40. Rxe8 Kxe8 41. Nc4 Kd7 42. f6 Ke6 43. f7 Kxf7 44. Nxd6+ Ke6 45. Nc4 Bf3+ 46. Kd2 Kf5 47. Kd3 Kxf4 48. a5 Be4+ 49. Kd2 Be3+ 50. Kd1 Bf3+ 51. Ke1 Ke4 52. Nd6+ Ke5 53. Nc4+ Kd5 54.
Kf1 Kc5 55. Ke1 Kb4 56. Ne5 Be4 57. Kd1 Kc3 58. Nc4 Bxc2+ 59. Ke1 Bf4 0-1

[Event "Early-Titled-Tuesday-Blitz-February-27-2024"]
[Site "Chess.com"]
[Date "2024.02.27"]
[Round "4"]
[White "Alex_Sahakyan2006"]
[Black "FARIZA2018"]
[Result "0-1"]
[WhiteElo "2828"]
[BlackElo "2597"]
[TimeControl "180+1"]
[EndTime "8:39:05 PST"]
[Termination "FARIZA2018 won on time"]

1. Nf3 d5 2. b3 Nf6 3. Bb2 e6 4. e3 c5 5. c4 Nc6 6. cxd5 exd5 7. d4 Bg4 8. dxc5 Bxc5 9. Be2 O-O 10. O-O Qe7 11.
Nbd2 Rfd8 12. Rc1 Bb6 13. Re1 Rac8 14. h3 Bh5 15. Nh4 Bxe2 16. Qxe2 Qe6 17. Qf3 Ne4 18. Nxe4 dxe4 19. Qg3 f6 20. Red1 Bc7 21. Rxd8+ Bxd8 22. Rd1 Bc7 23. Qg4 Qxg4 24. hxg4 Be5 25. Ba3 g6 26.
f4 exf3 27. gxf3 Bc7 28. f4 Bb6 29. Kf2 Re8 30. Ng2 g5 31. Kf3 gxf4 32. exf4 Nd4+ 33. Kg3 Re2 34. Nh4 Rxa2 35. Be7 Kf7 36. Bd8 Ne2+ 37. Kf3 Nd4+ 38. Kg3 Ne2+ 39. Kf3 Ng1+ 40. Ke4 Re2+ 41. Kf5 Bxd8 42. Rxd8 Nh3 43. Rd7+ Re7 44. Rd6 Kg7 45.
Ng2 Rf7 46. Ne3 Nf2 47. Nd5 Nd3 48. Nxf6 Nxf4 49. g5 Nh5 0-1

[Event "Early-Titled-Tuesday-Blitz-February-27-2024"]
[Site "Chess.com"]
[Date "2024.02.27"]
[Round "4"]
[White "Suleyman_Chess06"]
[Black "andrzej"]
[Result "1/2-1/2"]
[WhiteElo "2717"]
[BlackElo "2505"]
[TimeControl "180+1"]
[EndTime "8:39:06 PST"]
[Termination "Game drawn by stalemate"]

1. Nf3 d5 2. g3 c5 3. Bg2 Nc6 4. d4 Nf6 5. O-O e6 6. c4 dxc4 7. Qa4 Bd7 8. dxc5 Na5 9. Qb4 Nd5 10. Qd2 Bxc5 11. Ne5 O-O 12. Nxd7 Qxd7 13. Bxd5 Qxd5 14. Nc3 Qxd2 15. Bxd2 Nc6 16. Ne4 Bb4 17. Bxb4 Nxb4 18. Nd6 Rfd8 19. Nxc4 Rac8 20. Rfc1 b5 21. Ne5 f6 22.
Nf3 Nc2 23. Rab1 b4 24. Rd1 e5 25. Rxd8+ Rxd8 26. Rc1 Nd4 27. Nxd4 Rxd4 28. Rc8+ Kf7 29.
Rc7+ Kg6 30. Rxa7 Rd2 31. a3 Rxe2 32. axb4 Rxb2 33. Rb7 e4 34. b5 h5 35. h4 Kf5 36.
Rxg7 Rxb5 37. Re7 Rb4 38. Kg2 Rb3 39. Ra7 Rb5 40. Ra2 Re5 41. Rc2 Kg6 42. Rc1 Kf5 43.
Kf1 e3 44. fxe3 Rxe3 45. Kf2 Re5 46. Rc4 Ra5 47. Rc3 Rb5 48. Kf3 Ra5 49. Rb3 Rc5 50. Rd3 Ra5 51. Rd4 Ra3+ 52. Kg2 Ra2+ 53. Kh3 Ra3 54.
Rd8 Rb3 55. Rh8 Kg6 56. Rg8+ Kf5 57. Rg7 Ra3 58. Rb7 Rc3 59. Rb5+ Kg6 60. Rb4 Ra3 61. Rf4 Rc3 62. Kg2 Ra3 63. Rf2 Rb3 64. Rf3 Rb2+ 65. Rf2 Rb3 66. Rd2 Ra3 67. Kf2 Rb3 68. Rd4 Ra3 69. Rf4 Rb3 70. Re4 Ra3 71. Re3 Ra2+ 72.
Kf3 Ra1 73. Kf4 Rf1+ 74. Rf3 Rxf3+ 75. Kxf3 Kf5 76. Ke3 Kg4 77. Kf2 f5 78. Kg2 f4 79.
gxf4 Kxf4 80. Kh3 Kf3 81. Kh2 Kg4 82. Kg2 Kxh4 83. Kh2 Kg4 84. Kh1 h4 85. Kg1 Kg3 86. Kh1 h3 87. Kg1 h2+ 88. Kh1 Kh3 1/2-1/2

[Event "Early-Titled-Tuesday-Blitz-February-27-2024"]
[Site "Chess.com"]
[Date "2024.02.27"]
[Round "4"]
[White "ChessSkool"]
[Black "platy3"]
[Result "0-1"]
[WhiteElo "2736"]
[BlackElo "2945"]
[TimeControl "180+1"]
[EndTime "8:39:07 PST"]
[Termination "platy3 won by checkmate"]

1. d4 Nf6 2. Nf3 d5 3. c3 e6 4. Bf4 c5 5. e3 Qb6 6. Qc2 Nc6 7. Nbd2 Be7 8. h3 Bd7 9. Ne5 Rc8 10.
Nxd7 Nxd7 11. Qb3 c4 12. Qxb6 axb6 13. a3 b5 14. g4 Nb6 15. O-O-O Na4 16. Kc2 O-O 17.
Bg2 Ra8 18. e4 Rfd8 19. exd5 exd5 20. Rhe1 h6 21. Nf1 Bg5 22. Bg3 Rd7 23. h4 Be7 24. Ne3 Nb6 25. Ra1 Bf8 26. f4 Re8 27. f5 Bd6 28.
Nxd5 Rxe1 29. Bxe1 Nxd5 30. Bxd5 Re7 31. Bd2 Bg3 32.
a4 bxa4 33. Rxa4 Bxh4 34. Ra8+ Kh7 35. Bxc4 Rc7 36. Kd3 Bf6 37. Bf4 Rd7 38. Be3 Ne5+ 39. Kc2 Nxc4 40. Bc1 Bg5 41. b3 Bxc1 42. bxc4 Bf4 43. c5 Re7 44. Kd3 h5 45. gxh5 Kh6 46. Ra7 Rc7 47. Kc4 Kxh5 48. Kb5 g5 49. fxg6 fxg6 50.
d5 Rxc5+ 51. Kxc5 Be3+ 52. Kb5 Bxa7 53. d6 Bb8 54. Kb6 Bxd6 55. Kxb7 g5 56. Kc6 Bf8 57.
c4 g4 58. c5 g3 59. Kd7 Bxc5 60. Kc6 g2 61. Kb5 g1=Q 62. Kc6 Bf8 63. Kb7 Qc5 64.
Ka8 Qb5 65. Ka7 Kg6 66. Ka8 Kf5 67. Ka7 Ke6 68. Ka8 Kd5 69. Ka7 Kc6 70. Ka8 Qb7# 0-1

[Event "Early-Titled-Tuesday-Blitz-February-27-2024"]
[Site "Chess.com"]
[Date "2024.02.27"]
[Round "4"]
[White "semchik73"]
[Black "djano"]
[Result "1-0"]
[WhiteElo "2442"]
[BlackElo "2606"]
[TimeControl "180+1"]
[EndTime "8:39:07 PST"]
[Termination "semchik73 won by resignation"]

1. Nf3 g6 2. c4 Bg7 3. d4 d6 4. Nc3 Nf6 5. e4 O-O 6. Be2 e5 7. dxe5 dxe5 8. Bg5 Qe8 9. O-O c6 10. Qd6 Nh5 11. Be7 Be6 12. Bxf8 Bxf8 13. Qxe5 Nd7 14.
Qd4 Bc5 15. Qd2 Ndf6 16. Rad1 Bb4 17. Qh6 Bf8 18. Qg5 h6 19. Qe5 Ng4 20. Qc7 Rb8 21. h3 Ngf6 22. e5 Nd7 23. Ne4 Nf4 24. Rxd7 Nxe2+ 25.
Kh1 Bg7 26. Re7 Qf8 27. Nf6+ Kh8 28. Qxb8 Qxb8 29. Re8+ Qxe8 30. Nxe8 Bxc4 31. Nxg7 Kxg7 32. Re1 Nf4 33. b3 Bd5 34. Kh2 Nd3 35. Re2 g5 36. Nd4 Kg6 37. e6 fxe6 38. Nxe6 b5 39. Nc7 Nf4 40. Rc2 Bxg2 41. a4 bxa4 42. bxa4 Kf6 43. Na6 Ke5 44. Nb8 Kd6 45. Kg3 Be4 46. Rd2+ Kc7 47. Na6+ Kb6 48. Nb4 a5 49. Nc2 Bf5 50. h4 Nh5+ 51. Kh2 gxh4 52. Ne3 Bc8 53. Rd6 Nf4 54.
Rxh6 h3 55. Nc4+ Kc5 56. Nxa5 Kb4 57. Nxc6+ Kxa4 58. Ne7 Bd7 59. Rh4 Kb4 60. Rxf4+ Kc5 61. Nf5 Kd5 62. Ne3+ Ke5 63. Rh4 Be6 64. Rh6 1-0

[Event "Early-Titled-Tuesday-Blitz-February-27-2024"]
[Site "Chess.com"]
[Date "2024.02.27"]
[Round "4"]
[White "BillCoe"]
[Black "Knightmare1014"]
[Result "1-0"]
[WhiteElo "2103"]
[BlackElo "2263"]
[TimeControl "180+1"]
[EndTime "8:39:07 PST"]
[Termination "BillCoe won by checkmate"]

1. e4 c5 2. Nf3 e6 3. d4 cxd4 4. Nxd4 a6 5. Bd3 Nf6 6. c4 Nc6 7. Be3 Bb4+ 8. Nd2 O-O 9. O-O Qc7 10. Nxc6 dxc6 11. a3 Be7 12. Qc2 e5 13. Nf3 Be6 14.
b4 c5 15. Rfd1 Rac8 16. bxc5 Bxc5 17. Bxc5 Qxc5 18. Rdc1 Rfd8 19. h3 h6 20. a4 Qd6 21.
Rd1 Qc7 22. c5 Nd7 23. Rac1 Qxc5 24. Qxc5 Nxc5 25. Bc2 f6 26. Ne1 Nb3 27. Rb1 Nc5 28. f3 Kf7 29. Nd3 Nxd3 30. Rxb7+ Kg8 31. Rxd3 Rxd3 32.
Bxd3 Rc1+ 33. Kh2 Rc6 34. Ra7 Bc8 35. Ra8 Kf7 36. Ra7+ Kg6 37. Kg3 Rc3 38. Bxa6 Be6 39. Bb5 Rc1 40. Re7 Bb3 41. a5 Ra1 42. a6 Ba4 43. Bxa4 Rxa4 44. a7 Ra2 45. Rb7 Ra3 46.
h4 h5 47. Kf2 Ra2+ 48. Ke3 Ra1 49. Kd3 Rd1+ 50. Kc4 Rc1+ 51. Kd5 Rd1+ 52. Kc6 Rc1+ 53. Kd7 Ra1 54. Kc8 Ra2 55. Kb8 Ra3 56. a8=Q Rxa8+ 57. Kxa8 Kh6 58. Kb8 Kh7 59. Kc7 Kh8 60. Kd6 Kg8 61. Ke6 Kf8 62. Rb8# 1-0

[Event "Early-Titled-Tuesday-Blitz-February-27-2024"]
[Site "Chess.com"]
[Date "2024.02.27"]
[Round "4"]
[White "ACollins05"]
[Black "sorch29"]
[Result "1-0"]
[WhiteElo "2587"]
[BlackElo "2416"]
[TimeControl "180+1"]
[EndTime "8:39:10 PST"]
[Termination "ACollins05 won by resignation"]

1. d4 Nf6 2. c4 g6 3. Nc3 Bg7 4. e4 d6 5. h3 O-O 6. Bg5 c5 7. d5 e6 8. Bd3 exd5 9. cxd5 Re8 10. Nf3 h6 11. Be3 Na6 12. Qd2 Nc7 13. Bxh6 Ncxd5 14. Nxd5 Nxd5 15. Bxg7 Kxg7 16. O-O Nb4 17. Rad1 Qf6 18. a3 Nxd3 19. Qxd3 Qxb2 20. Rfe1 Be6 21. Qxd6 Rac8 22. Rb1 Qxa3 23. Rxb7 a5 24. Ng5 Qc3 25. Reb1 Qf6 26. f4 c4 27. e5 Qf5 28. Rc1 Kg8 29.
Nxe6 Qxe6 30. Qxe6 Rxe6 31. Ra7 Rc5 32. Ra1 c3 33. Kf2 Rec6 34. Ke2 Kg7 35. Rc1 c2 36. Kd2 Rd5+ 37. Ke2 Rc4 38. g3 a4 39. Ra8 g5 40.
fxg5 Rxe5+ 41. Kd3 Rc7 42. Rxc2 Rd5+ 43. Ke4 Rxc2 44.
Kxd5 Ra2 45. Ke4 Ra3 46. Kf4 Ra1 47. h4 a3 48. Kg4 a2 49. h5 Kh7 50. Ra7 Kg7 51. g6 Kh6 52. gxf7 Kg7 53. h6+ Kf8 54. h7 Rh1 55. Rxa2 Rxh7 56. Ra8+ Kg7 57. f8=Q+ Kg6 58. Qf5+ Kg7 59. Ra7+ 1-0

[Event "Early-Titled-Tuesday-Blitz-February-27-2024"]
[Site "Chess.com"]
[Date "2024.02.27"]
[Round "4"]
[White "Canal_Showdrez"]
[Black "Barbix1"]
[Result "0-1"]
[WhiteElo "1982"]
[BlackElo "2275"]
[TimeControl "180+1"]
[EndTime "8:39:11 PST"]
[Termination "Barbix1 won by resignation"]

1. d4 Nf6 2. Nf3 d5 3. e3 g6 4.
Bd3 Bg7 5. O-O O-O 6. Nbd2 c5 7.
b3 cxd4 8. exd4 Nc6 9. Bb2 Bg4 10. Qb1 Rc8 11. a3 Qd6 12. Re1 Rfe8 13. Ne5 Bf5 14. Bxf5 gxf5 15. c3 Ne4 16. Nxe4 fxe4 17. Ng4 Qg6 18.
Qd1 h5 19. Ne3 e6 20. c4 Ne7 21. c5 Kh8 22. b4 Rg8 23. Kh1 f5 24. Rg1 f4 25.
Nf1 Rcf8 26. b5 Nf5 27. Rc1 Nh4 28. g3 Nf3 29. Rg2 Bh6 30. Rc3 h4 31. Rxf3 exf3 32. Rg1 fxg3 33. fxg3 f2 34. Rg2 h3 35. c6 hxg2+ 36. Kxg2 Qe4+ 37. Kh3 bxc6 38. Qh5 Qg6 39. Qe2 Qf5+ 40. Kg2 Qe4+ 41. Qxe4 dxe4 42. d5+ Bg7 43. Bxg7+ Kxg7 44. dxc6 Kf6 45. a4 Ke5 46. a5 Kd6 47. Ne3 Kc5 48. c7 Kxb5 49. c8=Q Rxc8 50. Kxf2 Kxa5 51. Ke2 Kb5 52. Nd1 a5 53. Ke3 a4 54.
Kxe4 a3 55. Ke5 a2 56. Kxe6 a1=Q 0-1

[Event "Early-Titled-Tuesday-Blitz-February-27-2024"]
[Site "Chess.com"]
[Date "2024.02.27"]
[Round "4"]
[White "MightyGMpretender"]
[Black "vugarrasulov"]
[Result "0-1"]
[WhiteElo "2783"]
[BlackElo "3012"]
[TimeControl "180+1"]
[EndTime "8:39:16 PST"]
[Termination "vugarrasulov won by resignation"]

1. Nf3 g6 2. e4 c5 3. c3 Bg7 4. d4 cxd4 5. cxd4 d5 6. e5 a6 7. Bd3 Bg4 8. Nbd2 Nc6 9. h3 Bxf3 10. Nxf3 e6 11. O-O Nge7 12. b3 O-O 13.
Ba3 Re8 14. Qd2 Qa5 15. Qxa5 Nxa5 16. Rfc1 Nac6 17. Re1 Rac8 18. Rac1 Nf5 19. Bc5 Bh6 20. Rc2 Bf8 21. Bxf5 gxf5 22. Rec1 Bh6 23. Rd1 Bg7 24. Rdc1 h5 25. Kf1 Bh6 26. Rd1 a5 27. a3 Kg7 28.
Rb2 Nb8 29. Bb6 Nc6 30. Rc2 Ra8 31. Rd3 Kh7 32. Rdc3 Bf8 33. Bc5 Bg7 34. Bd6 f4 35. Rc5 Red8 36. Rb5 Rd7 37. Ke2 f6 38. Kd3 Kg6 39.
exf6 Bxf6 40. Bxf4 Kf7 41. Rb6 Rg8 42. g3 Ra8 43. h4 Kg6 44. Ne5+ Bxe5 45. Bxe5 Kf5 46. Bf4 Kg4 47. Rc5 Kf3 48. Rcb5 Ra7 49. Be3 e5 50. dxe5 Nxe5+ 51. Kd4 Nc6+ 52. Kc5 d4 53. Bd2 Ke2 54. Bg5 d3 55. Kc4 d2 56. Bxd2 Kxd2 57. Rxh5 a4 58. b4 Rd3 59. Rd5 Rxd5 60.
Kxd5 Kc3 61. h5 Kb3 62. h6 Kxa3 63. h7 Ra8 64. Rxb7 Nxb4+ 65. Kc4 Rc8+ 66. Kd4 Kb3 67. g4 a3 68. g5 a2 69. Ra7 Nc6+ 70. Kd5 Nxa7 71.
g6 a1=Q 0-1

[Event "Early-Titled-Tuesday-Blitz-February-27-2024"]
[Site "Chess.com"]
[Date "2024.02.27"]
[Round "4"]
[White "Actuary44"]
[Black "Makswolf200817"]
[Result "0-1"]
[WhiteElo "2520"]
[BlackElo "2728"]
[TimeControl "180+1"]
[EndTime "8:39:16 PST"]
[Termination "Makswolf200817 won by checkmate"]

1. e4 c5 2. d4 cxd4 3. c3 dxc3 4.
Nxc3 e6 5. f4 Nc6 6. Nf3 Bb4 7.
Bd3 Nf6 8. O-O d5 9. e5 Nd7 10. Kh1 b6 11. a3 Be7 12. Qe1 Nc5 13. Bc2 Ba6 14. Rg1 Qc7 15. Be3 Bd3 16. Bxc5 Bxc2 17. Nb5 Qd7 18. Bxe7 Kxe7 19. Rc1 Be4 20. Ng5 Bg6 21. Nd6 Nd4 22. Qb4 Nc6 23. Qc3 Na5 24. Rgd1 Rhd8 25. Qb4 Nc6 26. Rxc6 Qxc6 27. Ndxf7+ Qc5 28.
Qxc5+ bxc5 29. Nxd8 Rxd8 30. Rc1 c4 31. Kg1 Rb8 32.
Nf3 Rxb2 33. Nd4 Rd2 34. Nc6+ Kd7 35. Nxa7 Rb2 36. a4 Bc2 37. Nb5 Bxa4 38. Nd4 Ra2 39. f5 exf5 40. Nxf5 Ke6 41. Nxg7+ Kxe5 42. Nh5 Rc2 43. Re1+ Kd4 44. Ng3 Rd2 45. Nf5+ Kc5 46. g4 c3 47. g5 d4 48. Re5+ Kc4 49. Nd6+ Kb3 50. Ne4 Rd1+ 51. Kf2 c2 52. Rc5 c1=Q 53. Rxc1 Rxc1 54. g6 hxg6 55. Ke2 Bb5+ 56. Kd2 Rc2+ 57. Kd1 Rxh2 58. Nc5+ Kc4 59. Nd7 Bxd7 60. Ke1 Kd3 61.
Kf1 Bc6 62. Kg1 Rg2+ 63. Kh1 Rg5+ 64. Kh2 Bd7 65. Kh1 Ke2 66. Kh2 Kf1 67. Kh1 Rh5# 0-1

[Event "Early-Titled-Tuesday-Blitz-February-27-2024"]
[Site "Chess.com"]
[Date "2024.02.27"]
[Round "4"]
[White "bipe137"]
[Black "klimkoj"]
[Result "0-1"]
[WhiteElo "2568"]
[BlackElo "2827"]
[TimeControl "180+1"]
[EndTime "8:39:17 PST"]
[Termination "klimkoj won on time"]

1. d4 Nf6 2. c4 g6 3. Nc3 Bg7 4.
e4 O-O 5. Nf3 d6 6. Be2 e5 7.
O-O Na6 8. Be3 Ng4 9. Bg5 f6 10.
Bh4 g5 11. Bg3 h5 12. h3 h4 13. Bh2 Nxh2 14. Nxh2 Be6 15. d5 Bd7 16. Bg4 f5 17.
exf5 Bxf5 18. Bxf5 Rxf5 19. Ng4 Rf4 20. Ne3 Qd7 21. Qc2 Raf8 22. Ne4 Qe7 23. f3 Nc5 24. b4 Nd7 25. Ng4 b6 26. a3 a5 27.
Rfd1 Ra8 28. Qa4 Nf8 29. Qc6 Rd8 30. bxa5 bxa5 31. Rab1 Ng6 32. Rb7 Rf7 33. Rdb1 Nf4 34. Rb8 Bf8 35. R1b7 Ne2+ 36. Kh2 Ng3 37. Rxd8 Qxd8 38.
Ra7 Nxe4 39. Ra8 Qe7 40. Re8 Qd7 41. Qxd7 Rxd7 42. fxe4 Kf7 43. Ra8 c6 44. dxc6 Rc7 45.
Ra6 Ke6 46. Ne3 Rc8 47. Rb6 Be7 48. Nd5 Bd8 49. Rb7 Rxc6 50. g3 Rxc4 51. gxh4 gxh4 52. Kg2 Rxe4 53. Nc3 Re3 54. Nb5 Rb3 55. a4 Rb4 56. Kf3 Rxa4 57. Nc3 Ra3 0-1

[Event "Early-Titled-Tuesday-Blitz-February-27-2024"]
[Site "Chess.com"]
[Date "2024.02.27"]
[Round "4"]
[White "Aisen1011"]
[Black "ChessSwole"]
[Result "1-0"]
[WhiteElo "2472"]
[BlackElo "2689"]
[TimeControl "180+1"]
[EndTime "8:39:17 PST"]
[Termination "Aisen1011 won on time"]

1. d4 Nf6 2. c4 g6 3. Nc3 d5 4.
Nf3 Bg7 5. Bg5 Ne4 6. cxd5 Nxg5 7. Nxg5 e6 8. Qd2 exd5 9. Qe3+ Kf8 10. Qf4 Bf6 11. h4 h6 12. Nf3 Kg7 13. e3 c6 14. Bd3 h5 15. Ng5 Nd7 16. f3 Nf8 17. O-O-O b5 18. g4 hxg4 19. fxg4 Rxh4 20. Nf3 Ne6 21.
Qg3 Rxh1 22. Rxh1 Ng5 23. Nxg5 Bxg5 24. Qh3 Kf8 25. Qh8+ Ke7 26. Qe5+ Kd7 27. Nxb5 Be7 28. Rh8 Qxh8 29. Qc7+ Ke8 30. Qxc6+ Kf8 31. Qxa8 Qh1+ 32. Kc2 Qg2+ 33. Kb3 Qxg4 34. Nxa7 Kg7 35. Qxc8 Qd1+ 36. Qc2 Qe1 37. Nc6 Bd6 38. Qc3 Qxe3 39. a4 g5 40. a5 Qe8 41. a6 g4 42. a7 g3 43. Bf1 Qa8 44. Bg2 Qb7+ 45. Kc2 Qa6 46.
Bxd5 Qe2+ 47. Kb3 Qb5+ 48. Ka2 Qxd5+ 49. b3 g2 50. Qc1 Qxc6 51. Qxc6 g1=Q 52. a8=Q Qf2+ 53.
Kb1 Qe1+ 54. Qc1 Qe4+ 55. Qxe4 Be7 56. Qg1+ 1-0

[Event "Early-Titled-Tuesday-Blitz-February-27-2024"]
[Site "Chess.com"]
[Date "2024.02.27"]
[Round "4"]
[White "laziestwin"]
[Black "BardArtem"]
[Result "1-0"]
[WhiteElo "2571"]
[BlackElo "2755"]
[TimeControl "180+1"]
[EndTime "8:39:21 PST"]
[Termination "laziestwin won on time"]

1. d4 Nf6 2. c4 e6 3. a3 d5 4. cxd5 exd5 5. Nc3 h6 6. Bf4 Bd6 7. Bxd6 Qxd6 8. e3 O-O 9. Bd3 Re8 10. Nf3 c6 11. Ne5 Nbd7 12. f4 Nf8 13. O-O Be6 14.
b4 a6 15. Na4 Rad8 16. Nc5 Bc8 17. Rc1 N6d7 18. Qh5 Qe7 19. Rce1 Nf6 20. Qd1 b6 21.
Nxc6 Qc7 22. Nxd8 bxc5 23. Nxf7 c4 24. Ne5 cxd3 25. Qxd3 Qb7 26. Rc1 Bd7 27. Rf2 Ne4 28.
Rfc2 Bb5 29. Qb3 Qe7 30. a4 Bc4 31. Nxc4 dxc4 32. Qxc4+ Kh8 33. Re2 Nd6 34. Qxa6 Nf5 35. Qd3 Qd7 36. b5 Nh4 37. e4 Qg4 38. h3 Qxf4 39. Rf1 Qg5 40. Qe3 Qh5 41. Ref2 Ne6 42. d5 Ng5 43. e5 Rxe5 44. Rf8+ Kh7 45. Qd3+ Ng6 46. R8f5 Rxf5 47. Qxf5 Qh4 48. d6 Qxa4 49. d7 Qd4+ 50. Kh1 Ne4 51. Rf3 Qd1+ 52. Kh2 Qd6+ 53.
Kg1 Nc5 54. h4 Qd4+ 55. Rf2 Qd1+ 56. Kh2 Qd6+ 57. g3 Qxd7 58. h5 Qxf5 59. Rxf5 Nd7 60.
hxg6+ Kxg6 61. Rd5 Nb8 62. Rd8 Kf7 63. Rxb8 1-0

[Event "Early-Titled-Tuesday-Blitz-February-27-2024"]
[Site "Chess.com"]
[Date "2024.02.27"]
[Round "4"]
[White "GP9isback23"]
[Black "Anton_Demchenko"]
[Result "1/2-1/2"]
[WhiteElo "2601"]
[BlackElo "2906"]
[TimeControl "180+1"]
[EndTime "8:39:23 PST"]
[Termination "Game drawn - insufficient material"]

1. d4 Nf6 2. Nf3 d6 3. e3 g6 4. Be2 Bg7 5. O-O O-O 6. b3 Nbd7 7. Bb2 Re8 8. c4 c6 9. Nc3 e5 10. Rc1 e4 11. Nd2 Nf8 12. b4 h5 13. b5 c5 14.
dxc5 dxc5 15. Nb3 b6 16. Qxd8 Rxd8 17. Rfd1 Be6 18. Rxd8 Rxd8 19. Rd1 Rxd1+ 20. Nxd1 N6d7 21. Bxg7 Kxg7 22. Nd2 f5 23. f4 exf3 24. gxf3 Ne5 25. h4 Nfd7 26. Kf2 Nf6 27. Nb2 Ne8 28. f4 Ng4+ 29.
Bxg4 hxg4 30. e4 fxe4 31. Nxe4 Bf5 32. Nc3 Nd6 33. Nd5 Kf7 34. Ne3 Be6 35. a4 Kf6 36.
Kg3 Ne4+ 37. Kg2 Kg7 38. Kh2 Kh6 39. Nd3 Kh5 40. Ne5 Nc3 41. Nc6 Nxa4 42. Nxa7 Nb2 43.
Kg3 Na4 44. Nc6 Nc3 45. Nd8 Ne4+ 46. Kg2 Bg8 47. Nc6 Be6 48. Ne5 Nd6 49. Kg3 Ne4+ 50. Kg2 Kxh4 51. Nxg6+ Kh5 52. Ne5 Nc3 53. Kg3 Ne2+ 54.
Kf2 Nxf4 55. Kg3 Ne2+ 56. Kf2 Nd4 57. Kg3 Kg5 58. N5xg4 Ne2+ 59. Kf3 Nd4+ 60. Kg3 Bxg4 61. Nxg4 Kf5 62. Ne3+ Ke5 63. Nd5 Nxb5 64. Nxb6 Na3 65.
Nd7+ Kd4 66. Nxc5 Kxc5 67. Kf4 Nc2 68. Kg3 Nb4 69. Kh4 Nd3 70. Kh5 Ne5 71. Kh6 Nxc4 1/2-1/2

[Event "Early-Titled-Tuesday-Blitz-February-27-2024"]
[Site "Chess.com"]
[Date "2024.02.27"]
[Round "4"]
[White "ridnani1"]
[Black "vovachesss"]
[Result "1/2-1/2"]
[WhiteElo "2417"]
[BlackElo "2776"]
[TimeControl "180+1"]
[EndTime "8:39:24 PST"]
[Termination "Game drawn - insufficient material"]

1. e4 c5 2. Nf3 e6 3. b3 b6 4. Bb2 Bb7 5. Nc3 Ne7 6. Be2 Ng6 7.
O-O Be7 8. d4 cxd4 9. Nxd4 O-O 10. Qd2 Bg5 11. Qd1 a6 12. g3 Nc6 13. f4 Be7 14.
Nxc6 Bxc6 15. Bf3 Bc5+ 16. Kg2 Rc8 17. e5 d5 18. exd6 Bxd6 19. Ne4 Be7 20. Qe2 b5 21. Rad1 Qc7 22. Rd2 Rfd8 23. Rfd1 Rxd2 24. Rxd2 Bd5 25. Nc3 Bxf3+ 26. Qxf3 Bf6 27. Nd1 Bxb2 28. Nxb2 Ne7 29. c4 Nf5 30. Qd3 h5 31. cxb5 Qb7+ 32. Qf3 Qxb5 33. Nc4 Qb4 34. Rd7 a5 35. Qxh5 g6 36.
Qe2 a4 37. Qd2 Qb5 38. Rd8+ Rxd8 39. Qxd8+ Kg7 40. Qd3 axb3 41. axb3 Qc5 42. Kf3 Nd4+ 43. Kg2 Nf5 44. Kf3 Qc6+ 45. Qe4 Nd4+ 46. Ke3 Qxe4+ 47. Kxe4 Nxb3 48. Ne5 Nc5+ 49. Kf3 Na4 50. Nd3 Nc3 51. h4 Nb5 52. Ke4 Nd6+ 53. Kf3 Nf5 54. Ne5 Kf6 55. Ng4+ Ke7 56. Ne5 Nd4+ 57. Ke3 Nf5+ 58. Kf3 Nd6 59. g4 Kf6 60. g5+ Kg7 61. Kg4 Nf5 62. h5 gxh5+ 63. Kxh5 Ne3 64. Kh4 Nd5 65. Kg4 f6 66. gxf6+ Kxf6 67.
Nd7+ Ke7 68. Nc5 Kd6 69. Ne4+ Ke7 70. Ng5 Kf6 71. Ne4+ Kg6 72. Ng5 Nf6+ 73. Kf3 e5 74. fxe5 Kxg5 75. exf6 Kxf6 1/2-1/2

[Event "Early-Titled-Tuesday-Blitz-February-27-2024"]
[Site "Chess.com"]
[Date "2024.02.27"]
[Round "4"]
[White "WindWhistler11"]
[Black "GeorgiosSouleidis"]
[Result "1/2-1/2"]
[WhiteElo "2495"]
[BlackElo "2714"]
[TimeControl "180+1"]
[EndTime "8:39:24 PST"]
[Termination "Game drawn by repetition"]

1. Nf3 Nf6 2. c4 g6 3. Nc3 Bg7 4. g3 d6 5. Bg2 O-O 6. O-O Nc6 7.
Rb1 e5 8. b4 h6 9. b5 Ne7 10. a4 Be6 11. d3 Qd7 12. Re1 Bh3 13. Bh1 Ng4 14. Ba3 Rab8 15. a5 Kh7 16. b6 axb6 17.
axb6 c5 18. Ne4 Nf6 19. Nxf6+ Bxf6 20. Nd2 Bg7 21. Qb3 Ra8 22. Bb2 Nc6 23. Ra1 f5 24. Qb5 h5 25. Nf3 Bh6 26. Ra7 Rxa7 27. bxa7 Ra8 28. Ra1 f4 29. Nh4 Rxa7 30. Rxa7 Nxa7 31.
Qxd7+ Bxd7 32. Bxb7 fxg3 33. hxg3 Nc6 34. Bc3 Nd4 35.
Bxd4 exd4 36. Be4 Be8 37. Kg2 Bg5 38. Nf3 Bf6 39. Nd2 Kg7 40. Bf3 g5 41. Bd5 Be7 42. Ne4 g4 43. Nd2 Kf6 44. Ne4+ Ke5 45. Nd2 Ba4 46.
f4+ Kf5 47. Be4+ Kf6 48. Bd5 Kg7 49. Ne4 Bd1 50. Kf2 Ba4 51. f5 Bd7 52. f6+ Bxf6 53.
Nxd6 h4 54. Ne4 Be7 55. gxh4 Bxh4+ 56. Kg2 Be7 57. Nf2 Kg6 58. Be4+ Kg5 59. Bd5 Kf4 60. Ne4 Bf5 61. Kf1 Ke3 62. Bc6 Bxe4 63. Bxe4 g3 64. Bf3 Bd6 65. Kg2 Be5 66. Kh3 Bd6 67. Kg2 Be5 68. Bg4 Kf4 69. Bf3 Ke3 1/2-1/2